 Dungeon Crawl Stone Soup version 0.29.1-15-g9cfb28693d (webtiles) character file.

Game seed: 13406857977391177578

9128 LLlMATKO the Cleaver (level 11, -9/97 (102) HPs)
             Began as a Minotaur Berserker on Apr 14, 2023.
             Was a Priest of Trog.
             Mangled by Urug
             ... wielding a +1 eveningstar
              (26 damage)
             ... on level 10 of the Dungeon.
             The game lasted 00:12:18 (10558 turns).

LLlMATKO the Cleaver (Minotaur Berserker)          Turns: 10558, Time: 00:12:19

HP:   -9/97 (102)   AC: 18    Str: 24    XL:     11   Next: 19%
MP:   10/10         EV: 12    Int: 10    God:    Trog [***...]
Gold: 649           SH:  0    Dex: 12    Spells: 10/10 levels left

rFire   . . .      SeeInvis .   o - +1 battleaxe
rCold   . . .      Faith    .   (shield currently unavailable)
rNeg    . . .      Spirit   .   n - +0 chain mail
rPois   .          Reflect  .   T - +1 hat
rElec   .          Harm     .   N - +1 cloak
rCorr   .          Rampage  .   p - +0 pair of gloves
Will    ++...                   K - +0 pair of boots
Stlth   ..........              (no amulet)
HPRegen 1.26/turn               E - +6 ring of intelligence
MPRegen 0.12/turn               (no ring)

@: strong-willed, on berserk cooldown, regenerating, slowed, lightly drained,
very slow
A: horns 2, retaliatory headbutt
a: Renounce Religion, Berserk, Trog's Hand


You were on level 10 of the Dungeon.
You worshipped Trog.
Trog was most pleased with you.
You visited 1 branch of the dungeon, and saw 10 of its levels.

You collected 649 gold pieces.

Inventory:

Hand Weapons
 o - a +1 battleaxe (weapon)
 z - a +0 short sword of venom
 C - a +1 vorpal flail
 D - a +1 whip of flaming
 F - a +0 war axe
 O - a -2 demon whip of venom
 U - a +5 halberd
Missiles
 t - 15 boomerangs (quivered)
 J - 22 poisoned darts
 M - 6 curare-tipped darts
Armour
 n - a +0 chain mail (worn)
 p - a +0 pair of gloves (worn)
 K - a +0 pair of boots (worn)
 N - a +1 cloak (worn)
 T - a +1 hat (worn)
Jewellery
 E - a +6 ring of intelligence (left hand)
Wands
 x - a wand of roots (9)
 A - a wand of polymorph (7)
 I - a wand of flame (16)
 S - a wand of paralysis (11)
Scrolls
 d - 5 scrolls of teleportation
 j - 3 scrolls of fear
 k - a scroll of immolation {unknown}
 l - 2 scrolls of enchant weapon {unknown}
 q - 10 scrolls of identify {unknown}
 r - 2 scrolls of fog {unknown}
 s - 2 scrolls of poison {unknown}
 v - a scroll of noise {unknown}
 w - a scroll of brand weapon {unknown}
 y - 4 scrolls of vulnerability {unknown}
 G - 2 scrolls of blinking {unknown}
 H - 2 scrolls of enchant armour {unknown}
 L - 2 scrolls of acquirement {unknown}
 P - 3 scrolls of magic mapping {unknown}
Potions
 a - 2 potions of invisibility
 b - 2 potions of haste {unknown}
 c - 4 potions of might
 e - 9 potions of curing {unknown}
 f - 5 potions of brilliance {unknown}
 g - 2 potions of flight {unknown}
 h - 3 potions of cancellation {unknown}
 i - 2 potions of attraction {unknown}
 m - 2 potions of heal wounds {unknown}
 u - 2 potions of berserk rage {unknown}
 B - 2 potions of lignification {unknown}
 Q - a potion of resistance {unknown}
 R - a potion of degeneration {unknown}


   Skills:
 + Level 11.1 Fighting
 + Level 11.1 Axes
 + Level 10.8 Armour
 + Level 9.9 Dodging


You had 10 spell levels left.
You didn't know any spells.
Your spell library was empty.

Dungeon Overview and Level Annotations

Branches:
Dungeon (10/15)            Temple (0/1) D:7            Lair (0/5) D:8
    Orc: D:9-12

Altars:
Cheibriados
Dithmenos
Qazlal
Ru
Uskayaw

Shops:
D:5 :

Annotations:
D:10 Urug


Innate Abilities, Weirdness & Mutations

You have a pair of horns on your head.
You reflexively headbutt those who attack you in melee.


Message History

The troll leather armour is intact enough to wear.
No target in view!
No target in view!
No target in view!
No target in view!
No target in view!
No target in view!
No target in view!
No target in view!
HP restored.
There is an open door here.
S - a wand of paralysis (11) (gained 6 charges) Urug the Orcish Ballista comes into view.
She is wielding a +1 eveningstar and wearing a +2 chain mail of fire resistance.
Urug shouts!
A red film seems to cover your vision as you go berserk!
You feel yourself moving faster!
You feel mighty!
Urug drinks a potion.
Urug flickers and vanishes!
Deactivating autopickup; reactivate with Ctrl-A.
No target in view!
You feel a strong urge to attack something.
Something hits you but does no damage.
You slash something! You closely miss something.
Something hits you but does no damage.
You closely miss something. Something hits you!
You slash something! Your headbutt misses something.
Something hits you but does no damage.
You miss something. Your headbutt misses something. You barely miss something.
Your headbutt misses something. Something hits you!!
You barely miss something. You headbutt something.
You are no longer berserk.
You are exhausted.
You feel yourself slow down. Something hits you!
You closely miss something. Something hits you! Something hits you!!
You barely miss something. You headbutt something. Something hits you!
Your skin crawls.
You feel strong-willed. Something hits you!
* * * LOW HITPOINT WARNING * * *
Something hits you!!
You die...

### ..# #.#####
#{#...#### #@#.#....#
#...#....# ##
#...####...#####+#..
#.... #...#........
#.... #...'........
#....# #...#........
#...## #####........
.###'## #........
.....#########........


There were no monsters in sight!

Vanquished Creatures
  Gastronok (D:9)
  Amaemon (D:8)
  The ghost of Discosetron the Skirmisher, a novice BaHu of Cheibriados (D:7)
  Pikel (D:5)
  An orange demon (D:8)
  Joseph (D:7)
  A troll (D:10)
  A hornet (D:10)
  A basilisk (D:8)
  A wraith (D:10)
  Eustachio (D:6)
  3 yaks (D:6)
  5 wyverns
  Edmund (D:5)
  Duvessa (D:4)
  5 water moccasins
  A sky beast (D:7)
  4 black bears (D:8)
  An orc warrior (D:7)
  3 ice beasts (D:7)
  2 ogres
  A wolf (D:7)
  A centaur (D:8)
  3 kobold brigands
  A necrophage (D:6)
  A bullfrog (D:6)
  3 scorpions
  9 wights
  Dowan (D:4)
  6 killer bees (D:8)
  3 howler monkeys
  3 hounds
  3 orc priests
  Crazy Yiuf (D:7)
  An iguana (D:5)
  7 orc wizards
  11 adders
  A shadow imp (D:6)
  2 white imps (D:6)
  A worm (D:3)
  A dart slug (D:5)
  37 orcs
  5 ball pythons
  3 bats
  9 endoplasms
  A giant cockroach (D:2)
  4 hobgoblins
  2 quokkas
  5 frilled lizards
  7 goblins
  21 kobolds
  5 rats
196 creatures vanquished.

Vanquished Creatures (others)
  4 fungi (D:8)
  12 plants (D:8)
16 creatures vanquished.

Grand Total: 212 creatures vanquished

Notes
Turn   | Place    | Note
-------+----------+-------------------------------------------
     0 | D:1      | LLlMATKO the Minotaur Berserker began the quest for the
                  | Orb.
     0 | D:1      | Reached XP level 1. HP: 19/19 MP: 0/0
   227 | D:1      | Reached XP level 2. HP: 26/27 MP: 1/1
  1061 | D:2      | Found a faded altar of an unknown god.
  1189 | D:2      | Reached XP level 3. HP: 32/33 MP: 2/2
  1207 | D:2      | Reached ** piety under Trog
  1616 | D:3      | Found a snail-covered altar of Cheibriados.
  2163 | D:3      | Found a stormy altar of Qazlal.
  2286 | D:3      | Reached XP level 4. HP: 41/41 MP: 3/3
  2645 | D:4      | Found a hide-covered altar of Uskayaw.
  2645 | D:4      | Noticed Dowan
  2646 | D:4      | Noticed Duvessa
  3099 | D:4      | Noticed a scorpion
  3107 | D:4      | Killed a scorpion
  3108 | D:4      | Reached XP level 5. HP: 47/47 MP: 4/4
  3295 | D:4      | Noticed an ogre
  3301 | D:4      | Killed an ogre
  3302 | D:4      | Reached skill level 5 in Fighting
  3302 | D:4      | Reached skill level 5 in Axes
  3302 | D:4      | Reached XP level 6. HP: 56/56 MP: 5/5
  3480 | D:5      | Entered Level 5 of the Dungeon
  3523 | D:4      | Killed Duvessa
  3527 | D:4      | Killed Dowan
  3669 | D:5      | Noticed Edmund
  3677 | D:5      | Killed Edmund
  3678 | D:5      | Reached skill level 5 in Armour
  3678 | D:5      | Reached XP level 7. HP: 62/62 MP: 6/6
  3761 | D:5      | Noticed Pikel
  3775 | D:5      | Killed Pikel
  3776 | D:5      | Reached skill level 5 in Dodging
  3776 | D:5      | Reached XP level 8. HP: 71/71 MP: 7/7
  4177 | D:5      | Found Picka's Book Shoppe.
  4317 | D:5      | Found a sacrificial altar of Ru.
  4622 | D:6      | Noticed Eustachio
  4964 | D:6      | Reached *** piety under Trog
  5132 | D:6      | Killed Eustachio
  5273 | D:6      | Reached XP level 9. HP: 73/81 MP: 8/8
  5755 | D:6      | Found a shadowy altar of Dithmenos.
  6631 | D:7      | Noticed Joseph
  6643 | D:7      | Killed Joseph
  6765 | D:7      | Found a staircase to the Ecumenical Temple.
  7132 | D:7      | Noticed Discosetron's ghost (novice BaHu)
  7134 | D:7      | Found a transporter.
  7137 | D:7      | Found a transporter.
  7499 | D:7      | Found a runed translucent door.
  7500 | D:7      | Noticed Crazy Yiuf
  7505 | D:7      | Killed Crazy Yiuf
  7596 | D:7      | Killed Discosetron's ghost
  7597 | D:7      | Reached XP level 10. HP: 91/91 MP: 9/9
  7676 | D:8      | Noticed an orange demon
  7688 | D:8      | Noticed Amaemon
  7696 | D:8      | Killed an orange demon
  7951 | D:8      | Reached skill level 10 in Axes
  7955 | D:8      | Killed Amaemon
  7956 | D:8      | Reached skill level 10 in Fighting
  8339 | D:8      | Reached skill level 10 in Armour
  8423 | D:8      | Found a staircase to the Lair.
  9035 | D:8      | Reached **** piety under Trog
  9350 | D:9      | Noticed Gastronok
  9367 | D:9      | Killed Gastronok
  9368 | D:9      | Reached XP level 11. HP: 101/101 MP: 10/10
  9859 | D:10     | Entered Level 10 of the Dungeon
 10047 | D:10     | Paralysed by a hornet for 3 turns
 10546 | D:10     | Noticed Urug
 10558 | D:10     | Mangled by Urug

Illustrated notes

Levels and vault maps discovered:
D:1:      elethiomel_arrival_shortcut, layout_loops_ring
D:2:      layout_rooms, hellmonk_ecumenical_altar_lost_god, st_stairs_7
D:3:      minmay_angry_zag, layout_basic, nicolae_qazlal_general_emergency,
          lemuel_round_altar, serial_co_window_serial, co_window_corner_a,
          co_window_cross_1, co_window_paths_a, co_window_corner_a,
          co_window_paths_b, co_window_cross_3, co_window_broadway_c,
          co_window_corner_cb, co_window_broadway_a, co_window_unsneaky_path_b
D:4:      layout_loops_ring, nicolae_overflow_hidden_temple, uniq_duvessa
D:5:      dreamdust_elfheim, layout_loops_ring, mainiacjoe_overflow_alcove_2,
          serial_shops, shop, uniq_edmund, uniq_pikel
D:6:      layout_loops_ring, lemuel_tele_altar, uniq_eustachio
D:7:      layout_cave_pools, minmay_temple_entry_hall, gammafunk_ghost_arena,
          minmay_liquid_box, minivault_27, uniq_crazy_yiuf_cottage, uniq_joseph
D:8:      layout_loops_ring, minmay_lair_entry_grove,
          amcnicky_mini_corridor_feature, uniq_amaemon
D:9:      layout_long_grid, serial_park_tiny_1, uniq_gastronok
D:10:     layout_basic, mainiacjoe_overflow_two_lobes,
          minmay_orc_entry_temple_small, uniq_urug, uniq_maurice

Skill      XL: |  1  2  3  4  5  6  7  8  9 10 11 |
---------------+----------------------------------+-----
Fighting       | 4 5 6 7 9 10 11 | 11.1
Axes           | 4 5 6 7 9 11 | 11.1
Armour         | 3 4 5 6 7 9 10 | 10.8
Dodging        | 3 4 5 6 8 9 |  9.9

Action                   |  1- 3 |  4- 6 |  7- 9 | 10-12 || total
-------------------------+-------+-------+-------+-------++-------
Melee: Hand axe          |    94 |    75 |    24 |       ||   193
       Headbutt          |    13 |    18 |    43 |    23 ||    97
       Unarmed           |       |     2 |       |       ||     2
       War axe           |       |       |   123 |       ||   123
       Battleaxe         |       |       |    60 |   145 ||   205
Throw: Dart              |       |     2 |    12 |       ||    14
       Boomerang         |       |       |     1 |    16 ||    17
Invok: Berserk           |       |     4 |     8 |     7 ||    19
       Trog's Hand       |       |       |     1 |     2 ||     3
  Use: Scroll            |       |       |     2 |       ||     2
Armor: Animal skin       |     7 |       |       |       ||     7
       Chain mail        |    23 |    37 |   101 |   132 ||   293
Dodge: Dodged            |    45 |    31 |    92 |   134 ||   302
